 Dungeon Crawl Stone Soup version 0.28.0 (webtiles) character file.

Game seed: 10341457870685007729

1963 HallandMoats the Skirmisher (level 9, -2/79 HPs)
             Began as a Ghoul Monk on Feb 7, 2022.
             Was a Priest of Okawaru.
             Killed by an exploding orc (13 damage)
             ... ignited by their inner flame
             ... on level 7 of the Dungeon.
             The game lasted 00:07:31 (7875 turns).

HallandMoats the Skirmisher (Ghoul Monk)            Turns: 7875, Time: 00:07:32

Health: -2/79      AC: 12    Str: 17    XL:     9   Next: 19%
Magic:  8/8        EV:  7    Int:  5    God:    Okawaru [***...]
Gold:   149        SH:  0    Dex: 13    Spells: 8/8 levels left

rFire   . . .      SeeInvis .     - Unarmed
rCold   + . .      Faith    .   (no shield)
rNeg    + + +      Spirit   .   a - +0 plate armour
rPois   ∞          Reflect  .   (no helmet)
rElec   .          Harm     .   (no cloak)
rCorr   .          Rampage  .   (no gloves)
Will    .....                   (no boots)
Stlth   ..........              (no amulet)
HPRegen 0.00/turn               (no ring)
MPRegen 0.11/turn               (no ring)

@: inhibited regen
A: claws 1, cold resistance 1, negative energy resistance 3, inhibited
regeneration, torment resistance 2
a: Renounce Religion, Heroism


You were on level 7 of the Dungeon.
You worshipped Okawaru.
Okawaru was most pleased with you.
You visited 2 branches of the dungeon, and saw 8 of its levels.

You collected 384 gold pieces.
You spent 235 gold pieces at shops.

Inventory:

Hand Weapons
 r - a +3 spear of freezing
Missiles
 j - a throwing net (quivered)
Armour
 a - a +0 plate armour (worn)
 k - a +0 kite shield
Jewellery
 b - a ring of magical power
Wands
 g - a wand of paralysis (7)
 i - a wand of flame (35)
Scrolls
 f - 3 scrolls of enchant armour
 h - 2 scrolls of blinking
 l - a scroll of brand weapon
 m - 2 scrolls of teleportation
 n - a scroll of amnesia
 p - a scroll of immolation
 q - a scroll of fear
 t - a scroll of magic mapping
Potions
 c - 5 potions of lignification
 d - a potion of attraction {unknown}
 e - a potion of ambrosia {unknown}
 o - a potion of might {unknown}
 s - a potion of brilliance {unknown}


   Skills:
 + Level 7.2 Fighting
 + Level 5.1 Armour
 + Level 6.0 Dodging
 - Level 2.1 Stealth
 + Level 7.2 Unarmed Combat


You had 8 spell levels left.
You didn't know any spells.
Your spell library contained the following spells:

 Spells                   Type           Power      Damage    Failure   Level
 Pain                     Necr           0%         1d4       100%        1
 Gell's Gravitas          Tloc           0%         N/A       100%        3
 Lesser Beckoning         Tloc           0%         N/A       100%        3
 Teleport Other           Tloc           0%         N/A       100%        3
 Vampiric Draining        Necr           0%         2d6       100%        3
 Animate Skeleton         Necr           Unusable   N/A       N/A         1

Dungeon Overview and Level Annotations

Branches:
Dungeon (7/15)             Temple (1/1) D:6

Altars:
Ashenzari
Cheibriados
Dithmenos
Elyvilon
Fedhas
Gozag
Kikubaaqudgha
Makhleb
Nemelex Xobeh
Okawaru
Qazlal
Ru
Sif Muna
Trog
Uskayaw
Vehumet
Wu Jian
Xom
Yredelemnul
Zin
The Shining One

Shops:
D:6 (?


Innate Abilities, Weirdness & Mutations

You thrive by killing the living.
You are immune to poison.
You have sharp fingernails.
Your flesh is cold resistant. (rC+)
You are immune to negative energy. (rN+++)
You do not regenerate when monsters are visible.
You are immune to unholy pain and torment.


Message History

The kobold shouts! x2; You hear a shout!
The kobold moves out of view.
A kobold brigand comes into view.
It is wielding a +0 whip and quivering poisoned darts.
A kobold, an orc wizard and an orc come into view.
The kobold brigand shouts!
The kobold shouts!
The orc wizard shouts!
The orc shouts!
You hear a shout!
A kobold comes into view. It is wielding a +0 dagger.
An orc comes into view. It is wielding a +0 short sword.
A kobold comes into view. It is wielding a +0 short sword.
An orc comes into view. It is wielding a +0 war axe.
Okay, then.
A kobold comes into view. It is wielding a +0 dagger.
The kobold shouts!
The kobold hits you but does no damage.
The orc wizard casts a spell.
The orc wizard flickers and vanishes!
Deactivating autopickup; reactivate with Ctrl-A.
The kobold moves out of view.
Really read the scroll of immolation?
As you read the scroll of immolation, it crumbles to dust.
The creatures around you are filled with an inner flame!
You scratch the kobold. Okawaru accepts your kill.
The kobold explodes!
The fiery explosion engulfs the kobold!!
The fiery explosion engulfs the orc!!
Okawaru accepts your kill.
The fiery explosion engulfs the kobold!!
Okawaru accepts your kill. The fiery explosion engulfs you!!
The kobold explodes!
The fiery explosion engulfs you!!
The orc explodes!
The fiery explosion engulfs you!!
* * * LOW HITPOINT WARNING * * *
The fiery explosion engulfs the orc!!
Okawaru accepts your kill.
The orc explodes!
The fiery explosion engulfs you!
You die...

... .... #.#.. ..
..##..# .... ..#.. ...
...#...##....
...K.K#..###.......#...
..#K.K#..##............
....K.##.....#........
.....§§§§....#....).#
#....§§§§.........).#
#....§§@§...........####
##...§§§................
#....§#............)...
#..o..#..........<.....
##...###..........)....
##.. #...............
### #..............#.
###..[........##.
####......##..


You could see a kobold brigand (inner flame), an orc (inner flame) and 4
kobolds.

Vanquished Creatures
  Grinder (D:6)
  A wyvern (D:7)
  An orc warrior (D:6)
  A sky beast (D:5)
  A black bear (D:6)
  An ogre (D:7)
  A necrophage (D:6)
  A centaur (D:6)
  2 phantoms (D:4)
  2 scorpions (D:4)
  5 wights (D:6)
  A bullfrog zombie (D:5)
  3 hounds
  A centaur skeleton (D:3)
  2 orc priests
  An iguana (D:4)
  4 orc wizards
  A hound skeleton (D:4)
  4 gnolls
  9 adders
  A shadow imp (D:5)
  2 ufetubi
  2 worms
  4 dart slugs
  19 orcs
  5 ball pythons
  9 endoplasms
  5 giant cockroaches
  5 goblins
  10 hobgoblins
  12 jackals
  14 kobolds
  2 quokkas
  3 bats
  2 frilled lizards
  3 rats
141 creatures vanquished.

Notes
Turn   | Place    | Note
-------+----------+-------------------------------------------
     0 | D:1      | HallandMoats the Ghoul Monk began the quest for the Orb.
     0 | D:1      | Reached XP level 1. HP: 19/19 MP: 0/0
    80 | D:1      | Reached XP level 2. HP: 24/26 MP: 1/1
   548 | D:1      | Reached skill level 1 in Armour
   548 | D:1      | Reached XP level 3. HP: 31/31 MP: 2/2
   850 | D:1      | Found a faded altar of an unknown god.
  1309 | D:2      | Reached XP level 4. HP: 37/40 MP: 3/3
  1904 | D:3      | Reached XP level 5. HP: 30/46 MP: 4/4
  2612 | D:3      | Reached XP level 6. HP: 9/53 MP: 5/5
  3825 | D:4      | Reached skill level 5 in Unarmed Combat
  3944 | D:4      | Reached skill level 5 in Fighting
  3989 | D:4      | Reached XP level 7. HP: 58/61 MP: 6/6
  4649 | D:5      | Entered Level 5 of the Dungeon
  5298 | D:5      | Reached XP level 8. HP: 56/70 MP: 7/7
  5687 | D:6      | Reached skill level 5 in Dodging
  6185 | D:6      | Found a staircase to the Ecumenical Temple.
  6268 | Temple   | Entered the Ecumenical Temple
  6424 | Temple   | Became a worshipper of Warmaster Okawaru
  6424 | Temple   | Reached * piety under Okawaru
  6424 | Temple   | Reached ** piety under Okawaru
  6570 | D:6      | Noticed Grinder
  6580 | D:6      | Killed Grinder
  6837 | D:6      | Found Athuy's Magic Scroll Shop.
  6856 | D:6      | Reached XP level 9. HP: 65/78 MP: 8/8
  6926 | D:6      | Bought a scroll of enchant armour for 75 gold pieces
  6926 | D:6      | Bought a scroll of magic mapping for 35 gold pieces
  6926 | D:6      | Bought a scroll of identify for 20 gold pieces
  6926 | D:6      | Bought a scroll of teleportation for 30 gold pieces
  6926 | D:6      | Bought a scroll of holy word for 75 gold pieces
  6962 | D:6      | Found Dowkat's Antique Weapon Shoppe.
  7645 | D:7      | Reached skill level 5 in Armour
  7688 | D:7      | Reached *** piety under Okawaru
  7875 | D:7      | Killed by an exploding orc... ignited by their inner flame

Illustrated notes

Levels and vault maps discovered:
D:1:      matt_arrival_spirals, layout_loops_ring,
          shapermc_ecumenical_altar_ellora
D:2:      layout_rooms
D:3:      layout_basic, nicolae_overflow_hidden_temple,
          kennysheep_cluttered_room
D:4:      layout_loops_corners
D:5:      layout_loops_cross
D:6:      layout_loops_ring, minmay_temple_entry_tees, serial_shops,
          shop_statue, nicolae_square_shop, uniq_grinder
D:7:      layout_cave_pools, minmay_chambers_of_fives
Temple:   kilobyte_greek_temple

Skill      XL: |  1  2  3  4  5  6  7  8  9 |
---------------+----------------------------+-----
Armour         | 1 2 3 4 5 |  5.1
Dodging        | 3 4 5 6 |  6.0
Unarmed Combat | 4 5 6 7 |  7.2
Fighting       | 4 5 6 7 |  7.2
Stealth        | |  2.1

Action                   |  1- 3 |  4- 6 |  7- 9 || total
-------------------------+-------+-------+-------++-------
Melee: Unarmed           |   142 |   240 |   227 ||   609
       Punch             |     3 |    13 |    14 ||    30
  Use: Potion            |       |     2 |       ||     2
       Scroll            |       |       |     6 ||     6
 Stab: Sleeping          |     3 |       |       ||     3
Armor: Robe              |     7 |       |       ||     7
       Ring mail         |    22 |    41 |       ||    63
       Plate armour      |       |    32 |   143 ||   175
Dodge: Dodged            |    82 |    88 |    73 ||   243
